 Dungeon Crawl Stone Soup version 0.19-a0-644-gd04d753 (webtiles) character file.

54 Laan the Magician (level 3, -6/24 HPs)
             Began as a Mummy Wizard on June 14, 2016.
             Mangled by Natasha (7 damage)
             ... on level 3 of the Dungeon.
             The game lasted 00:07:40 (3769 turns).

Laan the Magician (Mummy Wizard)                    Turns: 3769, Time: 00:07:41

Health: -6/24      AC:  3    Str: 10    XL:     3   Next: 66%
Magic:  1/7        EV: 12    Int: 18    God:
Gold:   97         SH:  0    Dex: 10    Spells: 1 memorised, 7 levels left

rFire  x . .     SeeInvis .     (no weapon)
rCold  + . .     Gourm    .     a - +0 robe
rNeg   + + +     Faith    .     (no shield)
rPois  ∞         Spirit   .     b - +0 hat
rElec  .         Dismiss  .     (no cloak)
rCorr  .         Reflect  .     f - +0 pair of gloves
SustAt .         Harm     .     (no boots)
MR     .....                    (no amulet)
Stlth  +++.......               (no ring)
                                h - ring of stealth

@: slowed, very slow, not resistant to hostile enchantments, fairly stealthy
A: no food or potions, fire vulnerability, cold resistance 1, negative energy
resistance 3, torment resistance, unbreathing
a: no special abilities


You were on level 3 of the Dungeon.
You were not hungry.

You visited 1 branch of the dungeon, and saw 3 of its levels.

You collected 97 gold pieces.

Inventory:

Armour
 a - a +0 robe (worn)
 b - a +0 hat (worn)
 f - a +0 pair of gloves (worn)
Jewellery
 h - a ring of stealth (left hand)
 i - an uncursed amulet of dismissal {unknown}
Scrolls
 d - 4 scrolls of identify {unknown}
 e - 5 scrolls of remove curse {unknown}
 g - 2 scrolls of enchant weapon {unknown}
 j - a scroll of fear {unknown}
Books
 c - a book of Minor Magic

   Spells                             Type                      Level
   a - Magic Dart                     Conjuration                  1
   b - Blink                          Translocation                2
   c - Call Imp                       Summoning                    2
   d - Repel Missiles                 Charms/Air                   2
   e - Slow                           Hexes                        2
   f - Conjure Flame                  Conjuration/Fire             3
   g - Mephitic Cloud                 Conjuration/Poison/Air       3


   Skills:
 - Level 1.5 Dodging
 - Level 1.5 Stealth
 + Level 3.2 Spellcasting
 * Level 2.7 Conjurations
   Level 0.7 Summonings
   Level 0.7 Translocations


You had 7 spell levels left.
You knew the following spells:

 Your Spells              Type           Power        Failure   Level  Hunger
a - Magic Dart            Conj           ##..         6%          1    N/A

Dungeon Overview and Level Annotations

Branches:
Dungeon (3/15)

Altars:
Okawaru
Pakellas
Trog

Annotations:
D:3 Natasha


Innate Abilities, Weirdness & Mutations

You do not eat or drink.
Your flesh is vulnerable to fire.
You are immune to poison.
Your flesh is cold resistant. (rC+)
You are immune to negative energy. (rN+++)
You are immune to unholy pain and torment.
You can survive without breathing.


Message History

Press: ? - help, Shift-Dir - straight line, f/p - Natasha
Aim: Natasha (almost dead)
The magic dart hits Natasha.
Natasha is almost dead.
Natasha claws you!
* * * LOW HITPOINT WARNING * * *
Casting: Magic Dart
Confirm with . or Enter, or press ? or * to list all spells.
You don't have enough magic to cast that spell.
Casting: Magic Dart
Confirm with . or Enter, or press ? or * to list all spells.
You don't have enough magic to cast that spell.
Natasha stares at you and mumbles some strange words.
The magic dart hits you!
* * * LOW HITPOINT WARNING * * *
Natasha howls an incantation.
You feel disoriented. Natasha misses you. Natasha claws you!
You die...

##### #...#####
#.......#######
#.....@........
#.<####h########.#
#.................
#..#######.#####.
#..# #......$..
#..# #.>#####.#
#... ...# <...
#.... #... #...#


You could see Natasha.

Vanquished Creatures
  A dart slug (D:1)
  3 giant geckos (D:1)
  A ball python (D:1)
  5 giant cockroaches
  2 goblins
  5 hobgoblins
  10 jackals
  3 bats
  4 giant newts
  4 kobolds
  6 rats
44 creatures vanquished.

Notes
Turn   | Place    | Note
--------------------------------------------------------------
     0 | D:1      | Laan the Mummy Wizard began the quest for the Orb.
     0 | D:1      | Reached XP level 1. HP: 13/13 MP: 4/4
    31 | D:1      | Reached skill level 1 in Conjurations
   689 | D:1      | Reached XP level 2. HP: 19/19 MP: 0/6
  1643 | D:2      | Found a bloodstained altar of Trog.
  2155 | D:1      | Reached XP level 3. HP: 17/24 MP: 3/7
  3171 | D:2      | Found an oddly glowing altar of Pakellas.
  3236 | D:2      | Found an iron altar of Okawaru.
  3758 | D:3      | Noticed Natasha
  3766 | D:3      | HP: 1/24 [Natasha/magic dart (6)]
  3769 | D:3      | Mangled by Natasha

Vault maps used:
D:1:      scummos_arrival_hexagon, serial_bayou_pond_e
D:2:      grunt_temple_overflow_open, first_bread, serial_bayou_pond_d,
          minmay_crystal_room, minivault_26, grunt_pakellas_basics
D:3:      marbit_many_paths, uniq_natasha, uniq_crazy_yiuf_cottage,
          uniq_grinder, uniq_terence

Skill      XL: |  1  2 |
---------------+-------+-----
Conjurations   | 1 2 |  2.7
Dodging        | |  1.5
Stealth        | |  1.5
Spellcasting   | |  3.2
Summonings     | |  0.7
Translocations | |  0.7

Action                   || total
-------------------------++-------
Melee: Unarmed           ||    23
 Cast: Magic Dart        ||   170
Armor: Robe              ||    26
Dodge: Dodged            ||    64
